 Dungeon Crawl Stone Soup version 0.28-a0-872-g80cf8599ee (webtiles) character file.

Game seed: 16668044703780021723

383 tatocazan the Skirmisher (level 6, -2/56 HPs)
             Began as a Minotaur Fighter on Nov 20, 2021.
             Was an Initiate of Okawaru.
             Slain by a killer bee (5 damage)
             ... on level 8 of the Dungeon.
             The game lasted 00:05:19 (3918 turns).

tatocazan the Skirmisher (Minotaur Fighter)         Turns: 3918, Time: 00:05:19

Health: -2/56      AC:  9    Str: 22    XL:     6   Next: 47%
Magic:  5/5        EV:  8    Int:  5    God:    Okawaru [......]
Gold:   144        SH:  5    Dex: 10    Spells: 5/5 levels left

rFire   . . .      SeeInvis .   a - +0 long sword
rCold   . . .      Faith    .   c - +0 buckler
rNeg    . . .      Spirit   .   u - +0 chain mail
rPois   .          Reflect  .   (helmet restricted)
rElec   .          Harm     .   (no cloak)
rCorr   .          Rampage  .   (no gloves)
Will    .....                   (no boots)
Stlth   ..........              (no amulet)
HPRegen 0.18/turn               (no ring)
MPRegen 0.09/turn               (no ring)

@: no status effects
A: horns 2, retaliatory headbutt
a: Renounce Religion


You were on level 8 of the Dungeon.
You worshipped Okawaru.
Okawaru was noncommittal.
You visited 1 branch of the dungeon, and saw 6 of its levels.

You collected 144 gold pieces.

Inventory:

Hand Weapons
 a - a +0 long sword (weapon)
Missiles
 m - 4 javelins (quivered)
Armour
 b - a +0 scale mail
 c - a +0 buckler (worn)
 u - a +0 chain mail (worn)
Jewellery
 g - a ring of magical power
 p - a ring of magical power
 v - a ring of wizardry
Wands
 n - a wand of iceblast (4)
Scrolls
 e - 5 scrolls of teleportation {unknown}
 j - a scroll of enchant weapon {unknown}
 k - 3 scrolls of identify {unknown}
 l - a scroll of blinking {unknown}
 q - a scroll of enchant armour {unknown}
 r - a scroll of acquirement {unknown}
 s - a scroll of amnesia {unknown}
 t - a scroll of silence {unknown}
 w - a scroll of magic mapping {unknown}
Potions
 d - a potion of might
 f - a potion of lignification
 h - a potion of magic {unknown}


   Skills:
 + Level 5.3 Fighting
 * Level 4.6 Long Blades
 + Level 5.3 Armour
 + Level 0.4 Dodging
 - Level 5.2 Shields
 * Level 0.9 Invocations


You had 5 spell levels left.
You didn't know any spells.
Your spell library contained the following spells:

 Spells                   Type           Power      Damage    Failure   Level
 Slow                     Hex            0%         N/A       99%         1
 Ensorcelled Hibernation  Hex/Ice        0%         N/A       99%         2
 Confusing Touch          Hex            0%         N/A       100%        3
 Spider Form              Tmut/Pois      0%         N/A       100%        3
 Yara's Violent Unravell  Hex/Tmut       0%         3d3       100%        5


Dungeon Overview and Level Annotations

Branches:
Dungeon (5/15)             Temple (0/1) D:4

Altars:
Cheibriados
Okawaru
Ru
Zin

Shops:
D:5 (


Innate Abilities, Weirdness & Mutations

You have a pair of horns on your head.
You reflexively headbutt those who attack you in melee.


Message History

You miss the killer bee.
The killer bee is moderately wounded.
* * * LOW HITPOINT WARNING * * *
You feel very sick. The killer bee completely misses you.
The killer bee stings you but does no damage. x2
The killer bee stings you.
* * * LOW HITPOINT WARNING * * *
You block the killer bee's attack.
The killer bee stings you but does no damage.
You take 7 damage, and have 7/84 hp.
You feel much better.
You feel very sick.
The killer bee stings you but does no damage.
You block the killer bee's attack.
The killer bee stings you but does no damage.
The killer bee stings you.
* * * LOW HITPOINT WARNING * * *
The killer bee stings you but does no damage.
A centaur zombie comes into view.
The killer bee stings you but does no damage.
You regained 9 hp, and now have 16/84 hp.
You feel better.
The killer bee stings you but does no damage.
The killer bee completely misses you.
The killer bee stings you but does no damage.
The killer bee stings you.
* * * LOW HITPOINT WARNING * * *
The killer bee stings you but does no damage. x2
You closely miss the killer bee.
The killer bee is moderately wounded.
You feel less wooden.
Your +0 chain mail unmelds from your body.
You block the killer bee's attack. The killer bee stings you.
* * * LOW HITPOINT WARNING * * *
The killer bee barely misses you. The killer bee stings you.
* * * LOW HITPOINT WARNING * * *
The killer bee stings you but does no damage. x3
The killer bee stings you.
You die...

#.....#
###......
!.......
#.....#
#)...Z#
#...o.#
#..oyy#
#.o#yy#
#.yy@##
#.#### #


You could see an orc warrior, 6 killer bees, an orc priest, an orc and a centaur
zombie.

Vanquished Creatures
  A necrophage (D:3)
  A centaur skeleton (D:4)
  Jessica (D:2)
  Ijyb (D:3)
  An orc wizard (D:4)
  Robin (D:2)
  6 adders
  4 worms
  3 dart slugs
  6 orcs
  5 bats
  8 endoplasms
  3 giant cockroaches
  16 goblins
  9 hobgoblins
  10 jackals (D:2)
  A quokka (D:2)
  9 ball pythons
  5 frilled lizards
  2 kobolds
  7 rats
100 creatures vanquished.

Vanquished Creatures (others)
  8 plants (D:4)
8 creatures vanquished.

Grand Total: 108 creatures vanquished

Notes
Turn   | Place    | Note
-------+----------+-------------------------------------------
     0 | D:1      | tatocazan the Minotaur Fighter began the quest for the Orb.
     0 | D:1      | Reached XP level 1. HP: 19/19 MP: 0/0
   115 | D:1      | Reached XP level 2. HP: 27/27 MP: 1/1
   358 | D:1      | You fall into a shaft and drop 1 floor!
   463 | D:2      | Reached XP level 3. HP: 33/33 MP: 2/2
   552 | D:2      | Noticed Jessica
   561 | D:2      | Killed Jessica
   891 | D:2      | Reached XP level 4. HP: 29/41 MP: 3/3
  1531 | D:2      | Noticed Robin
  1543 | D:2      | Killed Robin
  1816 | D:1      | Reached XP level 5. HP: 47/47 MP: 4/4
  2304 | D:3      | Found a snail-covered altar of Cheibriados.
  2454 | D:3      | Found an iron altar of Okawaru.
  2456 | D:3      | Found a sacrificial altar of Ru.
  2462 | D:3      | Became a worshipper of Warmaster Okawaru
  2513 | D:3      | Noticed Ijyb
  2531 | D:3      | Killed Ijyb
  2689 | D:3      | Noticed a necrophage
  2696 | D:3      | Killed a necrophage
  2697 | D:3      | Reached skill level 5 in Fighting
  2697 | D:3      | Reached skill level 5 in Armour
  2697 | D:3      | Reached skill level 5 in Shields
  2697 | D:3      | Reached XP level 6. HP: 54/56 MP: 5/5
  2793 | D:3      | Noticed an eye of devastation
  2798 | D:3      | Noticed a floating eye
  2800 | D:3      | Found a faded altar of an unknown god.
  2803 | D:3      | Noticed a shining eye
  2803 | D:3      | Noticed a floating eye
  2875 | D:3      | Found a glowing silver altar of Zin.
  3039 | D:4      | Found a staircase to the Ecumenical Temple.
  3826 | D:5      | Entered Level 5 of the Dungeon
  3826 | D:5      | Found Wowoywn's Antique Weapon Emporium.
  3893 | D:5      | You fall into a shaft and drop 3 floors!
  3908 | D:8      | Noticed an orc warrior
  3918 | D:8      | Slain by a killer bee

Illustrated notes

Levels and vault maps discovered:
D:1:      scummos_arrival_checkerplants, layout_loops_ring
D:2:      layout_loops_ring, hangedman_decor_push,
          chequers_serial_rivers_large_b, hex_medium, minivault_19,
          uniq_jessica, uniq_robin
D:3:      layout_rooms, zin_treasury,
          chequers_temple_overflow_statue_of_worship,
          hellmonk_ecumenical_altar_watching_god, kennysheep_cluttered_room,
          uniq_ijyb
D:4:      layout_rooms, minmay_temple_entry_junction_2, chequers_big_river,
          st_stairs_6
D:5:      layout_rooms, chequers_temple_overflow_minitemple,
          nicolae_stop_n_shop_2, minmay_joined_circles, uniq_edmund
D:8:      minmay_spotlight, layout_basic, nicolae_hepliaklqana_hippocampus,
          mainiacjoe_overflow_alcove_2, eat_drink_and_be_merry_uskayaw

Skill      XL: |  1  2  3  4  5 |
---------------+----------------+-----
Fighting       | 4 5 |  5.3
Armour         | 4 5 |  5.3
Shields        | 4 5 |  5.2
Long Blades    | 3 4 |  4.6
Dodging        | |  0.4
Invocations    | |  0.9

Action                   |  1- 3 |  4- 6 || total
-------------------------+-------+-------++-------
Melee: Long sword        |    63 |   193 ||   256
       Headbutt          |     5 |    35 ||    40
  Use: Potion            |       |     5 ||     5
Armor: Scale mail        |    23 |    73 ||    96
       Skin              |       |    79 ||    79
       Chain mail        |       |     4 ||     4
Dodge: Dodged            |    23 |    84 ||   107
Block: Buckler           |    14 |    59 ||    73

Table legend: (Time is in decaauts)
 A = Elapsed time spent in this place.
 B = Non-inter-level travel time spent in this place.
 C = Inter-level travel time spent in this place.
 D = Time resting spent in this place.
 E = Time spent auto-exploring this place.
 F = Levels seen in this place.
 G = Mean time per level.
                   A        B        C        D        E       F      G
               +--------+--------+--------+--------+--------+-----+--------+
         Total |   4014 |   3879 |    135 |    455 |   2740 |   6 |  669.0 |
       Dungeon |   4014 |   3879 |    135 |    455 |   2740 |   6 |  669.0 |
               +--------+--------+--------+--------+--------+-----+--------+

Top non-repeatable levels by time:
     D:2: 1497 daAuts
     D:3: 874 daAuts
     D:4: 854 daAuts
     D:1: 692 daAuts
     D:5: 66 daAuts
     D:8: 28 daAuts
